 Dungeon Crawl Stone Soup version 0.19.0-18-g426998a (webtiles) character file.

329450 dobroeutro the Executioner (level 20, -1/194 HPs)
             Began as a Minotaur Berserker on Nov 11, 2016.
             Was the Champion of Trog.
             Killed by drain life
             ... invoked by a soul eater
              (12 damage)
             ... in a wizard's laboratory.
             The game lasted 01:16:06 (36806 turns).

dobroeutro the Executioner (Minotaur Berserker)    Turns: 36806, Time: 01:16:07

Health: -1/194     AC: 44    Str: 27    XL:     20   Next: 82%
Magic:  0/17       EV: 21    Int:  5    God:    Trog [******]
Gold:   759        SH:  0    Dex: 16    Spells: 0 memorised, 19 levels left

rFire  + + .     SeeInvis .     E - +9 executioner's axe (freeze)
rCold  + . .     Gourm    .     R - +15 Maxwell's patent armour {-Cast -Tele rElec MR+ rCorr}
rNeg   . . .     Faith    .     (shield currently unavailable)
rPois  .         Spirit   +     q - +0 hat of the Little Devil {+Blink +Inv rF++ rC-}
rElec  +         Reflect  .     y - +0 cloak
rCorr  +         Harm     .     p - +2 pair of gloves {Str+3}
MR     ++...     Clarity  +     H - +2 pair of boots {run}
Stlth  .......... NoTele   +    V - amulet of guardian spirit NoCast +
                                F - ring of protection from cold
                                O - ring "Zegonie" {rC+ Stlth+}

@: exhausted, very slightly contaminated, hasted and slowed, drained, quick
A: retaliatory headbutt, hooves 2, horns 2, repulsion field 1, clarity, low mp
1, sense surroundings 2, screaming 2, shaggy fur 2
a: Berserk, Trog's Hand, Brothers in Arms, Burn Spellbooks, Renounce Religion,
Evoke Blink, Evoke Invisibility
}: 2/15 runes: barnacled, gossamer


You were in a wizard's laboratory.
You worshipped Trog.
Trog was exalted by your worship.
You were very full.

You visited 8 branches of the dungeon, and saw 37 of its levels.
You visited 1 bazaar.
You also visited: Sewer, Bailey and Wizlab.

You collected 4475 gold pieces.
You spent 3716 gold pieces at shops.

Inventory:

Hand Weapons
 i - the +12 battleaxe of Diax {chop, *Corrode Int+5}
   (Trog gifted it to you on level 3 of the Vaults)

   It inflicts extra damage upon your enemies.
   It affects your intelligence (+5).
   It may corrode you when you take damage.
 E - a +9 executioner's axe of freezing (weapon)
 M - a +5 battleaxe of freezing
Armour
 d - a +2 pair of boots of flying
 p - a +2 pair of gloves of strength (worn)
 q - the +0 hat of the Little Devil (worn) {+Blink +Inv rF++ rC-}
   (You bought it in a shop on level 1 of the Vaults)

   It greatly protects you from fire.
   It makes you vulnerable to cold.
   It lets you turn invisible.
   It lets you blink.
 r - a +2 hat
 y - a +0 cloak (worn)
 H - a +2 pair of boots of running (worn)
 R - the +15 Maxwell's patent armour (worn) {-Cast -Tele rElec MR+ rCorr}
   (You bought it in a shop on level 2 of the Orcish Mines)

   It insulates you from electricity.
   It affects your resistance to hostile enchantments.
   It prevents spellcasting.
   It prevents most forms of teleportation.
   It protects you from acid and corrosion.
Jewellery
 F - a ring of protection from cold (right hand)
 K - the ring of Tufeozuoch {rPois EV+4}
   (You found it on level 5 of the Lair of Beasts)

   [ring of evasion]

   It affects your evasion (+4).
   It protects you from poison.
 O - the ring "Zegonie" (left hand) {rC+ Stlth+}
   (You bought it in a shop in a bazaar)

   [ring of stealth]

   It protects you from cold.
   It makes you more stealthy.
 V - an amulet of guardian spirit (around neck)
 X - an uncursed ring of protection from magic
 Z - an uncursed ring of protection from fire
Wands
 g - a wand of disintegration (0/24)
 u - a wand of digging (13/24)
 C - a wand of flame (46/48)
 Q - a wand of lightning (8/15)
 S - a wand of digging (10/24)
Scrolls
 e - 8 scrolls of teleportation
 l - 7 scrolls of fear
 o - 9 scrolls of remove curse
 s - 10 scrolls of blinking
 w - 3 scrolls of recharging
 x - a scroll of enchant armour
 z - 3 scrolls of fog
 A - 6 scrolls of identify
 L - a scroll of enchant weapon
 P - 3 scrolls of magic mapping
Potions
 a - 8 potions of ambrosia
 b - 11 potions of flight
 h - 3 potions of brilliance
 j - 11 potions of curing
 k - 5 potions of invisibility
 n - 6 potions of agility
 t - 6 potions of might
 D - 2 potions of berserk rage
 G - 2 potions of cancellation
 I - 4 potions of lignification
 J - a potion of haste
 N - 5 potions of magic
 U - a potion of resistance
 W - 2 potions of cure mutation
Comestibles
 c - 19 bread rations
 f - 23 meat rations
 v - 33 fruits


   Skills:
 + Level 20.3(18.9) Fighting
 + Level 24.8(23.3) Axes
 + Level 20.0(18.6) Armour
 + Level 18.8(17.4) Dodging


You had 19 spell levels left.
You didn't know any spells.

Dungeon Overview and Level Annotations

Branches:
Dungeon (15/15)            Temple (0/1) D:6            Lair (6/6) D:11
 Shoals (4/4) Lair:2       Spider (4/4) Lair:4        Slime (0/5) Lair:5
    Orc (2/2) D:9             Elf (1/3) Orc:2        Vaults (4/5) D:13
  Crypt (0/3) Vaults:3     Depths (1/5) D:15

Altars:
Dithmenos
Fedhas
Gozag
Nemelex Xobeh
Okawaru
Qazlal
Ru
Trog
Xom
Yredelemnul
The Shining One
Beogh
Jiyva

Shops:
D:7 (   D:13 (*   Orc:2 [[![   Vaults:1 [   Vaults:3 ?   Vaults:4 ?

Annotations:
D:15 exclusion: Roxanne, Roxanne


Innate Abilities, Weirdness & Mutations

You reflexively headbutt those who attack you in melee.
You have a pair of horns on your head.
You have hoof-like feet.
You are surrounded by a mild repulsion field. (EV +2)
You possess an exceptional clarity of mind.
Your magical capacity is low. (-10% MP)
You passively map the area around you.
You sometimes yell uncontrollably at your foes.
You are covered in thick fur. (AC +2)


Message History

The hell beast completely misses you.
Your stone giant closely misses the tormentor.
Your stone giant hits the tormentor!!!
You are very lightly contaminated with residual magic.
Your stone giant misses the tormentor.
Your stone giant hits the tormentor!
The tormentor dies!
Trog accepts your kill.
Your stone giant misses the cacodemon.
The cacodemon hits your stone giant!
The cacodemon hits your stone giant but does no damage.
Your stone giant resists with almost no effort.
You hear a shout!
You hear a shout!
The soul eater draws from the surrounding life force!
* * * LOW HITPOINT WARNING * * *
Your stone giant is almost dead.
Unknown command.
Your stone giant closely misses the soul eater.
The soul eater draws from the surrounding life force!
You die...

################## ###
.................# ###.###
#'#####'#####'##.# ##.....##
...# ##.## #...#.###.......##
.∩.###...###.∩.'.##.........#
...##.....##...#@##.........##
####..#.#..#####.............#
##..##.##..## #.............#
##...........###.##2.)......##
#..####.####..##.##.3.......#
....)..........+.###.C.....##
################.# ##.....##
.................# ###.###
#######.########.# #.#


You could see a hell beast, a soul eater and a friendly stone giant (berserk).

Vanquished Creatures
  Bai Suzhen (Vaults:2)
  A titan (Shoals:1)
  A quicksilver dragon (Depths:1)
  A kraken (Shoals:3)
  2 sphinxes (Vaults:4)
  A shadow dragon (Depths:1)
  Polyphemus (Shoals:3)
  A tengu reaver (Vaults:3)
  A fire giant (Depths:1)
  3 frost giants
  Ilsuiw (Shoals:4)
  10 vault wardens
  A deep elf sorcerer (Vaults:2)
  A balrug (WizLab)
  Louise (Shoals:1)
  A ghost moth (Spider:3)
  A curse skull (Vaults:3)
  2 orc warlords
  12 ironheart preservers
  7 emperor scorpions
  6 stone giants
  A vampire knight (Vaults:3)
  2 entropy weavers
  A deep elf demonologist (Vaults:3)
  A deep elf annihilator (Elf:1)
  A dire elephant (D:15)
  An eidolon (Vaults:3)
  4 merfolk javelineers
  10 merfolk impalers
  2 ettins
  2 fire dragons
  2 deep elf death magi
  The ghost of Zebulonius the Eclecticist, a journeyman DEFE of Vehumet (Lair:5)
  Erolcha (D:11)
  A vault guard (Vaults:3)
  The ghost of goblinboy the Severer, a journeyman MiBe of Trog (Orc:1)
  A great orb of eyes (Depths:1)
  5 hydras
  4 yaktaur captains
  2 rakshasas
  2 catoblepae
  3 alligator snapping turtles
  7 merfolk avatars
  10 centaur warriors
  6 dancing weapons (Elf:1)
  A death knight (Vaults:3)
  11 merfolk aquamancers
  6 death yaks
  8 ogre magi
  4 satyrs
  2 deep troll earth magi
  5 deep troll shamans
  2 vampire magi
  A tengu warrior (Depths:1)
  6 orc high priests
  A shock serpent (shapeshifter) (D:15)
  Urug (D:13)
  Nergalle (D:11)
  Sonja (D:15)
  An iron troll (Depths:1)
  11 sea snakes
  7 deep elf knights
  6 skeletal warriors
  An unseen horror (D:12)
  A flayed ghost (Depths:1)
  7 deep trolls
  15 ironbrand convokers
  3 deep elf archers
  A glowing orange brain (Vaults:2)
  21 orc knights
  4 wizards
  2 necromancers (Vaults:2)
  12 hill giants
  19 harpies
  50 ugly things
  Pikel (D:6)
  A harpy (shapeshifter) (Vaults:3)
  8 orc sorcerers
  17 orb spiders
  An orb spider (shapeshifter) (Vaults:4)
  26 wolf spiders
  A sphinx zombie (Vaults:2)
  29 deep elf magi
  12 fauns
  11 cyclopes
  A sphinx skeleton (Vaults:4)
  17 manticores
  A moth of wrath (Spider:4)
  A cyclops (shapeshifter) (Vaults:3)
  A salamander (D:15)
  A human skeleton (Vaults:2)
  A frost giant skeleton (Vaults:2)
  A guardian serpent (shapeshifter) (Vaults:3)
  11 elephants
  6 black mambas
  A centaur zombie (D:14)
  10 water nymphs
  10 sirens
  11 vault sentinels
  A torpor snail (Spider:4)
  5 centaur skeletons
  6 spiny frogs
  A spiny frog (shapeshifter) (Vaults:3)
  Psyche (D:8)
  A kobold demonologist (WizLab)
  2 rime drakes (Lair:6)
  An efreet (D:15)
  7 freezing wraiths
  An entropy weaver simulacrum (Vaults:1)
  39 yaktaurs
  13 demonic crawlers
  9 komodo dragons
  2 red devils (WizLab)
  5 trolls
  2 tengu conjurers (D:15)
  An ice devil (WizLab)
  32 merfolk
  A tyrant leech (shapeshifter) (Vaults:4)
  48 jumping spiders
  8 hornets
  20 two-headed ogres
  A polar bear (Lair:6)
  9 hippogriffs
  12 wind drakes
  Prince Ribbit (D:8)
  2 dream sheep (Shoals:4)
  8 slime creatures
  8 snapping turtles
  62 redbacks
  A vampire (D:15)
  An air elemental (Elf:1)
  Sigmund (D:3)
  27 tarantellas
  5 shadows
  A tarantella (shapeshifter) (Vaults:3)
  2 wyverns
  3 ynoxinuls (WizLab)
  A fire elemental (Elf:1)
  4 hogs (D:7)
  A steam dragon (D:11)
  2 wraiths
  35 yaks
  12 humans
  3 vampire mosquitoes
  2 basilisks
  21 water elementals
  Grum (D:11)
  6 wargs
  2 hungry ghosts (D:13)
  A mottled dragon (shapeshifter) (Vaults:3)
  3 mottled dragons
  Edmund (D:6)
  7 swamp worms (Lair:4)
  8 water moccasins
  A soldier ant (shapeshifter) (Vaults:4)
  Duvessa (D:6)
  Purgy (Sewer)
  8 porcupines
  A meliai simulacrum (D:15)
  45 orc warriors
  2 slaves (D:6)
  An eye of draining (shapeshifter) (Vaults:2)
  3 ice beasts
  4 phantoms
  4 black bears
  A necrophage (D:8)
  29 ogres
  2 sky beasts
  6 boggarts
  8 wolves
  16 centaurs
  11 crocodiles
  2 big kobolds
  Blork the orc (D:4)
  10 bullfrogs
  A glowing shapeshifter simulacrum (Vaults:3)
  3 human simulacra
  A wyvern zombie (D:13)
  Dowan (D:6)
  A water moccasin skeleton (D:10)
  3 scorpions
  3 killer bees
  15 wights
  2 jellies
  7 electric eels
  3 howler monkeys
  2 bullfrog zombies
  10 crimson imps
  A quasit (D:6)
  9 hounds
  19 orc priests
  19 orc wizards
  6 iguanas
  Terence (D:2)
  8 worker ants
  2 hound zombies
  3 hound skeletons
  2 worker ant zombies
  A howler monkey skeleton (D:5)
  7 gnolls
  12 adders
  An adder zombie (D:7)
  An ooze (D:5)
  12 worms
  2 dart slugs (D:2)
  6 leopard geckos
  81 orcs
  8 giant cockroaches
  14 goblins
  4 hobgoblins
  11 jackals
  5 quokkas
  16 bats
  6 frilled lizards
  A jackal skeleton (D:5)
  29 kobolds
  A leopard gecko skeleton (D:4)
  A quokka zombie (D:5)
  3 rats (D:1)
  A bush (Lair:6)
  A butterfly (D:13)
  5 fungi
  20 plants
  3 tentacles (Shoals:3)
1509 creatures vanquished.

Vanquished Creatures (collateral kills)
  Rupert (D:13)
  Frances (Shoals:2)
  Nessos (Lair:4)
  A deep elf demonologist (Vaults:3)
  A hydra (Lair:3)
  An ogre mage (Vaults:3)
  3 orb spiders (Spider:4)
  A tormentor (WizLab)
  2 two-headed ogres (Vaults:3)
  A ynoxinul (WizLab)
  5 humans (D:13)
  2 ogres (Vaults:3)
20 creatures vanquished.

Vanquished Creatures (others)
  An orb spider (Spider:4)
  A jumping spider (Spider:4)
  A merfolk (Shoals:4)
  A howler monkey (D:6)
  An orc wizard (Vaults:2)
  A worker ant (D:6)
  A fungus (Lair:4)
  10 plants
  5 tentacles (Shoals:3)
22 creatures vanquished.

Grand Total: 1551 creatures vanquished

Notes
Turn   | Place    | Note
-------+----------+-------------------------------------------
     0 | D:1      | dobroeutro the Minotaur Berserker began the quest for the Orb.
     0 | D:1      | Reached XP level 1. HP: 19/19 MP: 0/0
    96 | D:1      | Reached skill level 4 in Axes
   145 | D:1      | Reached XP level 2. HP: 21/26 MP: 1/1
   660 | D:2      | Reached skill level 5 in Axes
   704 | D:2      | Reached XP level 3. HP: 31/31 MP: 2/2
   769 | D:2      | Noticed Terence
   783 | D:2      | Killed Terence
   885 | D:2      | Found a blossoming altar of Fedhas.
   918 | D:2      | Reached XP level 4. HP: 24/39 MP: 3/3
  1093 | D:2      | Reached skill level 6 in Axes
  1364 | D:3      | Found a blossoming altar of Fedhas.
  1364 | D:3      | Found a stormy altar of Qazlal.
  1470 | D:3      | Reached ** piety under Trog
  1661 | D:3      | Found an iron altar of Okawaru.
  1712 | D:3      | Noticed Sigmund
  1720 | D:3      | Killed Sigmund
  1720 | D:3      | Reached skill level 8 in Axes
  1720 | D:3      | Reached XP level 5. HP: 44/45 MP: 4/4
  1720 | D:3      | Reached XP level 6. HP: 51/51 MP: 5/5
  1874 | D:3      | Found a basalt altar of Yredelemnul.
  1881 | D:3      | Found a bloodstained altar of Trog.
  1886 | D:3      | Found a shimmering altar of Xom.
  2021 | D:4      | Found a glowing drain.
  2049 | Sewer    | Entered a sewer
  2169 | Sewer    | Noticed Purgy
  2172 | Sewer    | Killed Purgy
  2172 | Sewer    | Reached skill level 9 in Axes
  2221 | D:4      | Noticed Blork the orc
  2231 | D:4      | Killed Blork the orc
  2233 | D:4      | Reached XP level 7. HP: 42/57 MP: 6/6
  2286 | D:4      | Reached *** piety under Trog
  2428 | D:4      | Reached skill level 10 in Axes
  2879 | D:5      | Entered Level 5 of the Dungeon
  3196 | D:5      | Found a sacrificial altar of Ru.
  3211 | D:5      | Reached skill level 11 in Axes
  3682 | D:6      | Reached XP level 8. HP: 64/64 MP: 7/7
  3690 | D:6      | Found a staircase to the Ecumenical Temple.
  3720 | D:6      | Noticed Edmund
  3734 | D:6      | Killed Edmund
  3901 | D:6      | Noticed Pikel
  3912 | D:6      | Killed Pikel
  3912 | D:6      | Reached skill level 12 in Axes
  3941 | D:6      | Reached skill level 13 in Axes
  3958 | D:6      | Noticed Duvessa
  3964 | D:6      | Killed Duvessa
  3965 | D:6      | Noticed Dowan
  3970 | D:6      | Killed Dowan
  4181 | D:6      | Found a sparkling altar of Nemelex Xobeh.
  4413 | D:7      | Reached XP level 9. HP: 70/70 MP: 8/8
  4433 | D:7      | Reached **** piety under Trog
  4460 | D:7      | Reached skill level 14 in Axes
  4503 | D:7      | Reached skill level 15 in Axes
  4757 | D:7      | Found Valenlidgh's Weapon Emporium.
  5025 | D:7      | Reached skill level 16 in Axes
  5264 | D:8      | Found a flagged portal.
  5286 | Bailey   | Entered a bailey
  5304 | Bailey   | Noticed an orc warlord
  5394 | Bailey   | Reached XP level 10. HP: 73/77 MP: 9/9
  5404 | Bailey   | Found a runed gate.
  5404 | Bailey   | Found a runed gate.
  5404 | Bailey   | Found a runed gate.
  5431 | Bailey   | Noticed an orc knight
  5445 | Bailey   | Killed an orc knight
  5633 | Bailey   | Killed an orc warlord
  5633 | Bailey   | Reached skill level 17 in Axes
  5737 | D:8      | Reached ***** piety under Trog
  5795 | D:8      | Received a gift from Trog
  5850 | D:8      | Noticed Prince Ribbit
  5860 | D:8      | Killed Prince Ribbit
  5897 | D:8      | Noticed Psyche
  5903 | D:8      | Killed Psyche
  6445 | D:9      | Found a staircase to the Orcish Mines.
  6701 | D:9      | Found a glowing golden altar of the Shining One.
  6753 | D:9      | Reached skill level 5 in Fighting
  6758 | D:9      | Gained mutation: You occasionally shout uncontrollably at your foes. [mutagenic meat]
  6759 | D:9      | Gained mutation: Your magical capacity is low. (-10% MP) [mutagenic meat]
  6760 | D:9      | Gained mutation: You are surrounded by a mild repulsion field. (EV +2) [mutagenic meat]
  6761 | D:9      | Gained mutation: You sometimes yell uncontrollably at your foes. [mutagenic meat]
  6762 | D:9      | Lost mutation: Your magical capacity is low. (-10% MP) [mutagenic meat]
  6912 | D:10     | Entered Level 10 of the Dungeon
  7020 | D:10     | Noticed a hill giant
  7025 | D:10     | Killed a hill giant
  7025 | D:10     | Reached XP level 11. HP: 88/88 MP: 10/10
  7083 | D:10     | Identified a scroll of acquirement
  7336 | D:11     | Noticed Nergalle
  7339 | D:11     | Reached skill level 5 in Armour
  7365 | D:11     | Killed Nergalle
  7365 | D:11     | Reached skill level 18 in Axes
  7365 | D:11     | Reached skill level 5 in Dodging
  7388 | D:11     | Noticed Grum
  7404 | D:11     | Killed Grum
  7427 | D:11     | Noticed Erolcha
  7442 | D:11     | Killed Erolcha
  7569 | D:11     | Found a staircase to the Lair.
  7828 | D:11     | Noticed a hill giant
  7828 | D:11     | Received a gift from Trog
  7833 | D:11     | Killed a hill giant
  8088 | D:12     | Noticed a hill giant
  8093 | D:12     | Killed a hill giant
  8101 | D:12     | Killed an unseen horror
  8292 | D:12     | Noticed a hill giant
  8292 | D:12     | Noticed a green ugly thing
  8299 | D:12     | Killed a hill giant
  8301 | D:12     | Killed a green ugly thing
  8301 | D:12     | Reached XP level 12. HP: 59/102 MP: 11/11
  8561 | D:12     | Gained mutation: Your flesh is heat resistant. (rF+) [mutagenic meat]
  8566 | D:12     | Got a bloodstained scythe
  8567 | D:12     | Identified the +7 scythe "Ciuh" {pain, MR+ Int+2} (You found it on level 12 of the Dungeon)
  8581 | D:13     | Found a gate to the Vaults.
  8581 | D:13     | Noticed Urug
  8581 | D:13     | Noticed Rupert
  8581 | D:13     | Noticed a centaur warrior
  8591 | D:13     | Killed Rupert
  8596 | D:13     | Killed a centaur warrior
  8599 | D:13     | Killed Urug
  8698 | D:13     | Found Calyucli's Changing Room.
  8710 | D:13     | Reached skill level 19 in Axes
  8732 | D:13     | Bought a potion of mutation for 35 gold pieces
  8732 | D:13     | Lost mutation: You sometimes yell uncontrollably at your foes. [potion of mutation]
  8732 | D:13     | Gained mutation: Your mind is acute. (Int +2) [potion of mutation]
  8733 | D:13     | Gained mutation: You expend magic power (3 MP) to strengthen your wands. [potion of mutation]
  8733 | D:13     | Gained mutation: You evolve. [potion of mutation]
  8776 | D:13     | Noticed a centaur warrior
  8782 | D:13     | Killed a centaur warrior
  8782 | D:13     | Reached skill level 10 in Fighting
  8930 | D:13     | Noticed a centaur warrior
  8939 | D:13     | Killed a centaur warrior
  9240 | D:13     | Reached XP level 13. HP: 113/113 MP: 12/12
  9257 | D:13     | Found an opulent altar of Gozag.
  9445 | D:13     | Found Nab Xura's Antique Weapon Shoppe.
  9740 | D:14     | Found a shadowy altar of Dithmenos.
  9846 | D:14     | Reached skill level 10 in Armour
  9974 | D:14     | Received a gift from Trog
  9988 | D:14     | Got a slimy battleaxe {god gift}
 10008 | D:13     | Gained mutation: You have a pair of large horns on your head. [mutagenic meat]
 10009 | D:13     | Gained mutation: You are covered in fur. (AC +1) [mutagenic meat]
 10010 | D:13     | Gained mutation: You passively map a small area around you. [mutagenic meat]
 10011 | D:13     | Lost mutation: You evolve. [mutagenic meat]
 10013 | D:13     | Gained mutation: Your spells are a little harder to cast, but a little more powerful. [mutagenic meat]
 10014 | D:13     | Lost mutation: Your mind is acute. (Int +2) [mutagenic meat]
 10015 | D:13     | Lost mutation: Your flesh is heat resistant. (rF+) [mutagenic meat]
 10560 | D:14     | Reached skill level 10 in Dodging
 10573 | D:14     | Lost mutation: You have a pair of large horns on your head. [mutagenic meat]
 10574 | D:14     | Lost mutation: You occasionally shout uncontrollably at your foes. [mutagenic meat]
 10575 | D:14     | Gained mutation: Your mind is acute. (Int +2) [mutagenic meat]
 10577 | D:14     | Gained mutation: You passively map the area around you. [mutagenic meat]
 10579 | D:14     | Gained mutation: Your body sometimes deteriorates upon taking damage. [mutagenic meat]
 10579 | D:14     | Identified the +1 battleaxe of Iconoclasm {freeze, MR+ SInv} (Trog gifted it to you on level 14 of the Dungeon)
 10758 | Lair:1   | Entered Level 1 of the Lair of Beasts
 11714 | Lair:2   | Found a staircase to the Shoals.
 13253 | Lair:4   | Found a hole to the Spider Nest.
 13255 | Lair:4   | Received a gift from Trog
 13323 | Lair:4   | Noticed Nessos
 13346 | Lair:4   | Killed Nessos
 13346 | Lair:4   | Reached skill level 20 in Axes
 13915 | Lair:4   | Reached XP level 14. HP: 84/126 MP: 9/13
 14222 | Lair:5   | Got a scorched amber ring
 14224 | Lair:5   | Identified the ring of Tufeozuoch {rPois EV+4} (You found it on level 5 of the Lair of Beasts)
 14337 | Lair:5   | Noticed Zebulonius's ghost (journeyman DEFE)
 14346 | Lair:5   | Killed Zebulonius's ghost
 14356 | Lair:5   | Found a viscous altar of Jiyva.
 14357 | Lair:5   | Found a staircase to the Slime Pits.
 14653 | Lair:6   | Entered Level 6 of the Lair of Beasts
 15012 | Lair:6   | Reached ****** piety under Trog
 15055 | Lair:6   | Received a gift from Trog
 15621 | Orc:1    | Entered Level 1 of the Orcish Mines
 15804 | Orc:2    | Entered Level 2 of the Orcish Mines
 15879 | Orc:2    | Found a roughly hewn altar of Beogh.
 15966 | Orc:2    | Found a staircase to the Elven Halls.
 16261 | Orc:2    | Found Geschisu's Armour Shoppe.
 16276 | Orc:2    | Found Beemopag's Distillery.
 16657 | Orc:2    | Received a gift from Trog
 16808 | Orc:2    | Bought a potion of mutation for 37 gold pieces
 16808 | Orc:2    | Gained mutation: You occasionally shout uncontrollably at your foes. [potion of mutation]
 16813 | Orc:2    | Bought a potion of mutation for 37 gold pieces
 16813 | Orc:2    | Lost mutation: You occasionally shout uncontrollably at your foes. [potion of mutation]
 16813 | Orc:2    | Lost mutation: Your body sometimes deteriorates upon taking damage. [potion of mutation]
 16814 | Orc:2    | Bought a potion of mutation for 37 gold pieces
 16814 | Orc:2    | Gained mutation: You are covered in thick fur. (AC +2) [potion of mutation]
 16814 | Orc:2    | Gained mutation: You have large cloven feet. [potion of mutation]
 16815 | Orc:2    | Found Pouhu's Antique Armour Shop.
 16817 | Orc:2    | Found Daphab's Armour Shoppe.
 16825 | Orc:2    | Bought the +15 Maxwell's patent armour {-Cast -Tele rElec MR+ rCorr} for 1825 gold pieces
 16989 | Orc:1    | Noticed goblinboy's ghost (journeyman MiBe)
 17000 | Orc:1    | Killed goblinboy's ghost
 17230 | Elf:1    | Entered Level 1 of the Elven Halls
 17422 | Elf:1    | Reached XP level 15. HP: 136/136 MP: 14/14
 18667 | Elf:1    | Reached skill level 21 in Axes
 18763 | Orc:2    | Bought a +2 pair of boots of running for 705 gold pieces
 18849 | Orc:1    | Received a gift from Trog
 19016 | D:15     | Entered Level 15 of the Dungeon
 19044 | D:15     | Gained mutation: You have hoof-like feet. [mutagenic meat]
 19045 | D:15     | Lost mutation: You expend magic power (3 MP) to strengthen your wands. [mutagenic meat]
 19057 | D:15     | Lost mutation: Your mind is acute. (Int +2) [mutagenic meat]
 19061 | D:15     | Gained mutation: You occasionally shout uncontrollably at your foes. [mutagenic meat]
 19234 | D:15     | Gained mutation: You have a pair of large horns on your head. [mutagenic meat]
 19235 | D:15     | Gained mutation: You sometimes yell uncontrollably at your foes. [mutagenic meat]
 19237 | D:15     | Gained mutation: Your magical capacity is low. (-10% MP) [mutagenic meat]
 19245 | D:15     | Noticed Roxanne
 19407 | D:15     | Found a staircase to the Depths.
 19498 | D:15     | Noticed Sonja
 19510 | D:15     | Killed Sonja
 19778 | D:15     | Received a gift from Trog
 20436 | Spider:1 | Entered Level 1 of the Spider Nest
 20520 | Spider:1 | Reached XP level 16. HP: 63/147 MP: 6/13
 20911 | Spider:1 | Reached skill level 15 in Fighting
 21605 | Spider:2 | Gained mutation: You are partially covered in molten scales. (AC +2) [potion of beneficial mutation]
 21606 | Spider:2 | Gained mutation: Your system is resistant to poisons. (rPois) [potion of beneficial mutation]
 22157 | Spider:3 | Received a gift from Trog
 22204 | Spider:3 | Reached skill level 15 in Armour
 23101 | Spider:4 | Entered Level 4 of the Spider Nest
 23113 | Spider:4 | Received a gift from Trog
 23118 | Spider:4 | Reached skill level 22 in Axes
 23601 | Spider:4 | Reached XP level 17. HP: 116/158 MP: 11/14
 23624 | Spider:4 | Received a gift from Trog
 23942 | Spider:4 | Reached skill level 15 in Dodging
 23959 | Spider:4 | Got a gossamer rune of Zot
 24114 | Shoals:1 | Entered Level 1 of the Shoals
 24564 | Shoals:1 | Noticed Louise
 24588 | Shoals:1 | Killed Louise
 24827 | Shoals:1 | Noticed a titan
 24851 | Shoals:1 | Killed a titan
 25106 | Shoals:2 | Received a gift from Trog
 25994 | Shoals:2 | Noticed Frances
 26001 | Shoals:2 | Killed Frances
 26394 | Shoals:3 | Noticed Polyphemus
 26419 | Shoals:3 | Killed Polyphemus
 26719 | Shoals:3 | HP: 6/161 [drowned by a drowned soul[a merfolk avatar] (11)]
 27192 | Shoals:3 | Gained mutation: You possess an exceptional clarity of mind. [potion of beneficial mutation]
 27584 | Shoals:3 | Reached XP level 18. HP: 142/170 MP: 12/15
 27689 | Shoals:3 | Received a gift from Trog
 27778 | Shoals:4 | Entered Level 4 of the Shoals
 28414 | Shoals:4 | Reached skill level 23 in Axes
 28464 | Shoals:4 | Noticed Ilsuiw
 28513 | Shoals:4 | Killed Ilsuiw
 28840 | Shoals:4 | Received a gift from Trog
 29093 | Shoals:4 | Identified The Second Course in Wizardry
 29489 | Shoals:4 | Got a barnacled rune of Zot
 29648 | Shoals:4 | Identified Kioczugeac's Catalogue of Aerial Fire
 30095 | Vaults:1 | Entered Level 1 of the Vaults
 30305 | Vaults:1 | Received a gift from Trog
 30590 | Vaults:1 | Reached XP level 19. HP: 171/180 MP: 16/16
 30795 | Vaults:1 | Found Toosav's Armour Shop.
 30798 | Vaults:1 | Received a gift from Trog
 31371 | Vaults:1 | Lost mutation: You have a pair of large horns on your head. [mutagenic meat]
 31372 | Vaults:1 | Lost mutation: You are partially covered in molten scales. (AC +2) [mutagenic meat]
 31375 | Vaults:1 | Lost mutation: Your system is resistant to poisons. (rPois) [mutagenic meat]
 31376 | Vaults:1 | Lost mutation: Your spells are a little harder to cast, but a little more powerful. [mutagenic meat]
 31429 | Vaults:1 | Bought the +0 hat of the Little Devil {+Blink +Inv rF++ rC-} for 568 gold pieces
 31801 | Vaults:2 | Found a flickering gateway to a bazaar.
 31810 | Bazaar   | Entered a bazaar
 31812 | Bazaar   | Found Pimyv's Magic Scroll Boutique.
 31818 | Bazaar   | Found Ufrezid's Weapon Shoppe.
 31841 | Bazaar   | Found Jozapoga's Jewellery Emporium.
 31844 | Bazaar   | Found Furgha Cehoq's Weapon Shop.
 31849 | Bazaar   | Found Figg's Jewellery Shoppe.
 31875 | Bazaar   | Bought the ring "Zegonie" {rC+ Stlth+} for 472 gold pieces
 31947 | Vaults:2 | Received a gift from Trog
 31991 | Vaults:2 | Noticed Bai Suzhen
 32000 | Vaults:2 | Killed Bai Suzhen
 33018 | Vaults:3 | Found a staircase to the Crypt.
 33027 | Vaults:3 | Received a gift from Trog
 33027 | Vaults:3 | Reached skill level 24 in Axes
 33044 | Vaults:3 | Got an encrusted battleaxe {god gift}
 33045 | Vaults:3 | Identified the +12 battleaxe of Diax {chop, *Corrode Int+5} (Trog gifted it to you on level 3 of the Vaults)
 33292 | Vaults:3 | Found Enlimp's Magic Scroll Shoppe.
 33601 | Vaults:3 | Received a gift from Trog
 33843 | Vaults:3 | Noticed a Brimstone Fiend
 33844 | Vaults:3 | Reached XP level 20. HP: 162/191 MP: 15/17
 34640 | Vaults:4 | Found a roughly hewn altar of Beogh.
 34654 | Vaults:4 | Received a gift from Trog
 35564 | Vaults:4 | Found Wacked's Magic Scroll Shoppe.
 35987 | Depths:1 | Entered Level 1 of the Depths
 36016 | Depths:1 | Received a gift from Trog
 36127 | Depths:1 | Found a magical portal.
 36145 | WizLab   | Entered The Hall of the Hellbinder
 36806 | WizLab   | Killed from afar by a soul eater

Skill      XL: |  1  2  3  4  5  6  7  8  9 10 11 12 13 14 15 16 17 18 19 20 |
---------------+-------------------------------------------------------------+-----
Axes           | 4 5 8 9 11 13 16 17 18 19 20 21 22 23 24 | 24.8
Fighting       | 5 8 10 12 13 14 16 17 18 19 20 | 20.3
Armour         | 4 7 9 11 13 14 15 16 18 19 20 | 20.0
Dodging        | 4 7 9 10 12 13 14 15 16 17 18 | 18.8

Action                   |  1- 3 |  4- 6 |  7- 9 | 10-12 | 13-15 | 16-18 | 19-21 || total
-------------------------+-------+-------+-------+-------+-------+-------+-------++-------
Melee: Hand axe          |    63 |   103 |    43 |       |       |       |       ||   209
       Headbutt          |     9 |    22 |    44 |    61 |   176 |   265 |   179 ||   756
       Broad axe         |       |       |    73 |       |       |       |       ||    73
       Battleaxe         |       |       |   115 |   256 |       |       |       ||   371
       Executioner's axe |       |       |       |   108 |   846 |  1167 |   690 ||  2811
Invok: Berserk           |     1 |     2 |     3 |     7 |     3 |     1 |     2 ||    19
       Burn Spellbooks   |       |       |     1 |     4 |     2 |     2 |     1 ||    10
       Trog's Hand       |       |       |       |     2 |       |     3 |     1 ||     6
       Brothers in Arms  |       |       |       |     1 |     1 |     3 |     2 ||     7
Evoke: Wand              |       |       |       |       |       |     2 |       ||     2
  Use: Scroll            |       |     5 |     1 |    19 |    10 |    10 |     7 ||    52
       Potion            |       |       |       |     2 |     5 |     7 |     8 ||    22
 Stab: Sleeping          |       |     1 |       |       |       |       |       ||     1
       Petrified         |       |       |       |       |     1 |       |       ||     1
  Eat: Chunk             |     1 |     6 |    10 |    27 |    58 |    12 |    14 ||   128
       Beef jerky        |       |       |     2 |       |     2 |     5 |       ||     9
       Pizza             |       |       |       |       |     5 |    10 |     1 ||    16
       Royal jelly       |       |       |       |       |     2 |       |     1 ||     3
       Bread ration      |       |       |       |       |       |     2 |       ||     2
       Meat ration       |       |       |       |       |       |       |     1 ||     1
       Fruit             |       |       |       |       |       |       |    12 ||    12
Armor: Animal skin       |     9 |       |       |       |       |       |       ||     9
       Scale mail        |     3 |    14 |       |       |       |       |       ||    17
       Robe              |       |    32 |       |       |       |       |       ||    32
       Troll leather arm |       |     2 |    26 |       |       |       |       ||    28
       Ring mail         |       |       |    66 |   140 |   126 |       |       ||   332
       Plate armour      |       |       |       |       |   244 |   744 |   335 ||  1323
Dodge: Dodged            |    46 |    58 |   129 |   278 |   734 |  1424 |   558 ||  3227
